 Dungeon Crawl Stone Soup version 0.28-a0-834-g1a73be5ee4 (webtiles) character file.

Game seed: 18388120399450256977

8 vurker the Gusty (level 2, -4/11 HPs)
             Began as a Felid Air Elementalist on Nov 11, 2021.
             Killed from afar by a dart slug (6 damage)
             ... with a slug dart
             ... on level 1 of the Dungeon.
             The game lasted 00:00:16 (437 turns).

vurker the Gusty (Felid Air Elementalist)            Turns: 437, Time: 00:00:17

Health: -4/11      AC:  1    Str:  4    XL:     2   Next: 0%
Magic:  4/6        EV: 17    Int: 16    God:
Gold:   13         SH:  0    Dex: 16    Spells: 4/5 levels left
                                        Lives:  0   Deaths: 0

rFire   . . .      SeeInvis +   (weapon unavailable)
rCold   . . .      Faith    .   (shield unavailable)
rNeg    . . .      Spirit   .   (armour unavailable)
rPois   .          Reflect  .   (helmet unavailable)
rElec   .          Harm     .   (cloak unavailable)
rCorr   .          Rampage  .   (gloves unavailable)
Will    .....                   (boots unavailable)
Stlth   ++........              (no amulet)
HPRegen 0.03/turn               (no ring)
MPRegen 0.10/turn               (no ring)

@: quick
A: very small, claws 1, fangs 3, see invisible, speed 1, shaggy fur 1, stealthy
paws, no weapons or thrown items, no armour, multi-lived
a: no special abilities


You were on level 1 of the Dungeon.
You visited 1 branch of the dungeon, and saw 1 of its levels.

You collected 13 gold pieces.

Inventory:

Scrolls
 b - a scroll of identify {unknown}
Potions
 a - 2 potions of curing {unknown}
 c - a potion of lignification {unknown}


   Skills:
 + Level 0.3 Fighting
 - Level 2.6 Dodging
 - Level 2.6 Stealth
 * Level 2.2 Spellcasting
 + Level 1.1 Conjurations
 * Level 2.9 Air Magic


You had 4 spell levels left.
You knew the following spells:

 Your Spells              Type           Power      Damage    Failure   Level
a - Shock                 Conj/Air       32%        1d5       9%          1

Your spell library contained the following spells:

 Spells                   Type           Power      Damage    Failure   Level
 Static Discharge         Conj/Air       8%         N/A       14%         2
 Swiftness                Air            11%        N/A       19%         3
 Airstrike                Air            5%         N/A       52%         4


Dungeon Overview and Level Annotations

Branches:
Dungeon (1/15)

Altars:


Innate Abilities, Weirdness & Mutations

You have sharp claws.
You have razor-sharp teeth.
You have supernaturally acute eyesight. (SInv)
You cover ground quickly. (Speed+)
You are covered in fur. (AC +1)
Your paws help you pounce on unaware monsters.
You are incapable of wielding weapons or throwing items.
You cannot wear armour.
You gain extra lives every three experience levels.


Message History

The zap hits the ball python.
You kill the ball python!
Your magical contamination has completely faded away.
Things that are here:
a +0 dagger; 4 stones; a kobold corpse
Found a scroll labelled UGIZIS OGGIFF.
You can't see any susceptible monsters within range! (Use Z to cast anyway.)
b - a scroll labelled UGIZIS OGGIFF
Found a fizzy inky potion.
You can't see any susceptible monsters within range! (Use Z to cast anyway.)
c - a fizzy inky potion Key pressed, stopping explore.
You can't see any susceptible monsters within range! (Use Z to cast anyway.)
A kobold comes into view. It is wielding a +0 short sword.
A kobold is nearby!
Aim: a kobold, wielding a +0 short sword and quivering stones (asleep, 100% to hit)
The zap hits the kobold.
You kill the kobold!
Things that are here:
a +0 short sword; a stone; a kobold corpse You can't see any susceptible monsters within range! (Use Z to cast anyway.)
Found a faded altar of an unknown god.
You can't see any susceptible monsters within range! (Use Z to cast anyway.)
Found a stone staircase leading down.
You can't see any susceptible monsters within range! (Use Z to cast anyway.)
Found a scroll labelled WAOSUASHRIURI.
There is a stone staircase leading down here.
An endoplasm comes into view.
Found a ring mail.
The zap hits the endoplasm. x2
You kill the endoplasm!
You have reached level 2!
You can't see any susceptible monsters within range! (Use Z to cast anyway.)
Found a club.
A hobgoblin and a dart slug come into view.
There are monsters nearby!
There are monsters nearby!
The zap hits the hobgoblin.
The hobgoblin shouts!
The zap hits the dart slug. x2
You hear an angry hiss.
The hobgoblin hits you.
A rat comes into view.
A ball python comes into view.
The zap hits the hobgoblin but does no damage.
The zap hits the dart slug.
The hobgoblin hits you.
* * * LOW HITPOINT WARNING * * *
The dart slug launches a dart at you. The slug dart hits you.
Ouch! That really hurt!
You die...

### ### ... ..# # ###.#
#.# #. ...# #.# ####.##
#.###.##########
.......##...>..........#
.r...wg#..############..
......?@#.# #.....
.S.....#..# #.##.#
......)#..#########.##.#
.........[._...........#
####.###.##########..#.#
#. #.# ########....# #
#.. .........#.#. ##
########..... ...#
#.....


You could see a dart slug, a hobgoblin, a ball python and a rat.

Vanquished Creatures
  A ball python (D:1)
  A bat (D:1)
  An endoplasm (D:1)
  A hobgoblin (D:1)
  2 kobolds (D:1)
  A rat (D:1)
7 creatures vanquished.

Notes
Turn   | Place    | Note
-------+----------+-------------------------------------------
     0 | D:1      | vurker the Felid Air Elementalist began the quest for the
                  | Orb.
     0 | D:1      | Reached XP level 1. HP: 7/7 MP: 4/4
   258 | D:1      | Reached skill level 1 in Conjurations
   391 | D:1      | Found a faded altar of an unknown god.
   413 | D:1      | Reached XP level 2. HP: 11/11 MP: 4/6
   437 | D:1      | Killed from afar by a dart slug

Illustrated notes

Levels and vault maps discovered:
D:1:      minmay_arrival_four_houses, layout_loops_ring, basic_ecumenical_altar,
          minmay_box_of_dots

Skill      XL: |  1 |
---------------+----+-----
Conjurations   | 1 |  1.1
Fighting       | |  0.3
Dodging        | |  2.6
Stealth        | |  2.6
Spellcasting   | |  2.2
Air Magic      | |  2.9

Action                   || total
-------------------------++-------
Melee: Unarmed           ||     3
 Cast: Shock             ||    14
Armor: Skin              ||     1

Table legend: (Time is in decaauts)
 A = Elapsed time spent in this place.
 B = Non-inter-level travel time spent in this place.
 C = Inter-level travel time spent in this place.
 D = Time resting spent in this place.
 E = Time spent auto-exploring this place.
 F = Levels seen in this place.
 G = Mean time per level.
                   A        B        C        D        E       F      G
               +--------+--------+--------+--------+--------+-----+--------+
         Total |    388 |    388 |      0 |      0 |    352 |   1 |  388.0 |
       Dungeon |    388 |    388 |      0 |      0 |    352 |   1 |  388.0 |
               +--------+--------+--------+--------+--------+-----+--------+

Top non-repeatable levels by time:
     D:1: 388 daAuts
